 Dungeon Crawl Stone Soup version 0.29.1-15-g9cfb28693d (webtiles) character file.

Game seed: 13787835456078163153

490758 rakiston the Conqueror (level 23, -13/235 (240) HPs)
             Began as a Minotaur Berserker on Mar 11, 2023.
             Was the Champion of Trog.
             Killed from afar by a titan (16 damage)
             ... with a bolt of lightning
             ... on level 4 of the Vaults on Mar 21, 2023.
             The game lasted 08:08:22 (66910 turns).

rakiston the Conqueror (Minotaur Berserker)        Turns: 66910, Time: 08:08:22

HP:   -13/235 (240) AC: 36    Str: 36    XL:     23   Next: 87%
MP:   6/7           EV: 14    Int:  7    God:    Trog [******]
Gold: 2661          SH: 24    Dex: 13    Spells: 22/22 levels left

rFire   + . .      SeeInvis +   S - +8 hand axe "Muqian" {antimagic, +Blink rC- Str+4}
rCold   + . .      Faith    .   o - +0 tower shield
rNeg    + . .      Spirit   .   K - +4 plate armour {rC+}
rPois   .          Reflect  +   (helmet restricted)
rElec   .          Harm     .   k - +0 cloak of Surprise {rC+ Regen+}
rCorr   .          Rampage  +   s - +0 pair of gloves of the Known World {Str+2}
Will    +++..                   O - +2 pair of boots {rampage}
Stlth   ..........              y - amulet of reflection
HPRegen 1.29/turn               q - ring "Zuoboak" {Fly rF+ rN+ Will+}
MPRegen 0.10/turn               w - ring "Fiemeev" {Will+ Int+3 Slay+2 SInv}

@: on blink cooldown, flying, lightly drained
A: horns 2, retaliatory headbutt, iridescent scales 1, subdued magic 1
}: 2/15 runes: serpentine, barnacled
a: Renounce Religion, Evoke Blink, Berserk, Trog's Hand, Brothers in Arms


You were on level 4 of the Vaults.
You worshipped Trog.
Trog was exalted by your worship.
You visited 8 branches of the dungeon, and saw 42 of its levels.
You visited the Abyss 1 time.
You visited 1 bazaar.
You also visited: Bailey.

You collected 5874 gold pieces.
You spent 3213 gold pieces at shops.

Inventory:

Hand Weapons
 G - a +7 broad axe of flaming
 S - the +8 hand axe "Muqian" (weapon) {antimagic, +Blink rC- Str+4}
   (You found it on level 9 of the Dungeon)

   It reduces the magical energy of the wielder, and disrupts the spells and
   magical abilities of those it strikes.
   Natural abilities and divine invocations are not affected.
   Str:       It affects your strength (+4).
   rC:        It makes you vulnerable to cold.
   +Blink:    It lets you blink.
 T - the +9 battleaxe "Okleoj" {flame, rN+ Dex+5}
   (Trog gifted it to you on level 5 of the Lair of Beasts)

   It burns those it strikes, dealing additional fire damage.
   Big, fiery blades are also staple armaments of hydra-hunters.
   Dex:       It affects your dexterity (+5).
   rN:        It protects you from negative energy.
Missiles
 j - 60 boomerangs (quivered)
 u - 26 curare-tipped darts
 L - 6 throwing nets
 M - 27 atropa-tipped darts
Armour
 c - a +4 chain mail of fire resistance
 k - the +0 cloak of Surprise (worn) {rC+ Regen+}
   (You bought it in a shop on level 2 of the Orcish Mines)

   rC:        It protects you from cold.
   Regen:     It increases your rate of health regeneration.
 o - a +0 tower shield (worn)
 s - the +0 pair of gloves of the Known World (worn) {Str+2}
   (You found it on level 4 of the Shoals)

   Str:       It affects your strength (+2).
 z - the -2 hat of the Alchemist {rElec rPois rF+ rC+ rN+ Will+ rMut rCorr}
   (You bought it in a shop on level 2 of the Depths)

   rF:        It protects you from fire.
   rC:        It protects you from cold.
   rElec:     It insulates you from electricity.
   rPois:     It protects you from poison.
   rN:        It protects you from negative energy.
   rCorr:     It protects you from acid and corrosion.
   rMut:      It protects you from mutation.
   Will:      It increases your willpower.
 K - a +4 plate armour of cold resistance (worn)
 O - a +2 pair of boots of rampaging (worn)
Jewellery
 a - an amulet of guardian spirit
 q - the ring "Zuoboak" (left hand) {Fly rF+ rN+ Will+}
   (You bought it in a shop on level 2 of the Orcish Mines)

   [ring of flight]

   rF:        It protects you from fire.
   rN:        It protects you from negative energy.
   Fly:       It grants you flight.
   Will:      It increases your willpower.
 w - the ring "Fiemeev" (right hand) {Will+ Int+3 Slay+2 SInv}
   (You bought it in a shop in a bazaar)

   [ring of willpower]

   Int:       It affects your intelligence (+3).
   Slay:      It affects your accuracy & damage with ranged weapons and melee
   (+2).
   SInv:      It lets you see invisible.
   Will:      It increases your willpower.
 y - an amulet of reflection (around neck)
 P - the ring of Voffoin {Fly rElec EV+4 Dex-4 Stlth+}
   (You found it in a bailey)

   [ring of evasion]

   EV:        It affects your evasion (+4).
   Dex:       It affects your dexterity (-4).
   rElec:     It insulates you from electricity.
   Fly:       It grants you flight.
   Stlth:     It makes you more stealthy.
Wands
 l - a wand of digging (12)
 B - a wand of flame (103)
 D - a wand of charming (22)
 E - a wand of acid (24)
 J - a wand of mindburst (11)
 R - a wand of roots (23)
 U - a wand of polymorph (12)
Scrolls
 g - 5 scrolls of fear
 n - 4 scrolls of magic mapping
 p - 5 scrolls of teleportation
 t - 9 scrolls of fog
 x - 3 scrolls of enchant armour
 A - 2 scrolls of silence
 F - 3 scrolls of brand weapon
 H - 3 scrolls of immolation
 N - 4 scrolls of enchant weapon
Potions
 b - 5 potions of resistance
 d - 6 potions of lignification
 e - 4 potions of berserk rage
 f - 3 potions of magic
 h - 6 potions of attraction
 i - a potion of ambrosia
 m - 4 potions of curing
 r - 9 potions of brilliance
 v - 4 potions of flight
 C - 6 potions of cancellation
 I - 10 potions of mutation
 Q - 2 potions of invisibility
 V - a potion of might
 X - a potion of haste
Miscellaneous
 W - a condenser vane
 Z - a box of beasts


   Skills:
 O Level 27 Fighting
 - Level 17.4 Axes
 - Level 13.9 Ranged Weapons
 - Level 10.0 Throwing
 O Level 27 Armour
 - Level 16.0 Dodging
 - Level 0.4 Stealth
 - Level 16.0 Shields
 * Level 12.5 Evocations


You had 22 spell levels left.
You didn't know any spells.
Your spell library was empty.

Dungeon Overview and Level Annotations

Branches:
Dungeon (15/15)            Temple (0/1) D:7            Lair (5/5) D:8
 Shoals (4/4) Lair:3        Snake (4/4) Lair:2        Slime (0/5) Lair:4
    Orc (2/2) D:9             Elf (3/3) Orc:2        Vaults (5/5) D:14
  Crypt (0/3) Vaults:2     Depths (4/4) D:15            Zot (0/5) Depths:4
 Bailey (visited)

Altars:
Ashenzari
Cheibriados
Dithmenos
Fedhas
Gozag
Kikubaaqudgha
Qazlal
Ru
Sif Muna
Uskayaw
Xom
Yredelemnul
Zin
Jiyva

Shops:
D:5 (   D:7 :*:   D:10 *   D:14 *   Orc:2 [*=!   Elf:1 [=   Elf:2 (
Shoals:3 *   Snake:2 [(   Snake:3 ::=   Snake:4 :[:   Vaults:3 [   Depths:1 (
Depths:2 [

Portals:
Hell: Depths:1 Depths:2 Depths:3 Depths:4
Abyss: Depths:4
Pandemonium: Orc:2 Depths:1 Depths:2
Ziggurat: Depths:2

Annotations:
D:8 exclusions: oklob plant and oklob sapling
D:15 Roxanne
Lair:1 2 transporters, leetdood's ghost, journeyman MiFi
Elf:2 3 runed translucent doors
Vaults:1 3 runed translucent doors, Wueresid's ghost, adept DEHW
Vaults:5 Margery
Depths:3 Jory


Innate Abilities, Weirdness & Mutations

You have a pair of horns on your head.
You reflexively headbutt those who attack you in melee.
You are partially covered in iridescent scales. (AC +2)
Your spells are a little easier to cast, but a little less powerful.


Message History

You furiously retaliate!
You headbutt the slime creature!
You rampage towards the fire giant!
The slime creature changes into a sea snake!
The fire giant drinks a potion.
The fire giant seems to speed up.
You see here 5 large rocks.
You rampage towards the sea snake!
An orc priest comes into view. It is wielding a +0 whip.
The white very ugly thing attacks as you move away!
You block the white very ugly thing's attack.
You block the hell knight's attack. The titan hits you but does no damage.
The deep elf annihilator points at you and mumbles some strange words.
The iron shot hits you!! The hell knight barely misses you.
The sea snake bites you but does no damage.
There is a stone staircase leading up, spattered with blood here.
Things that are here:
a +5 vorpal broad axe; a +0 plate armour; a +3 glaive The titan's magic is no longer disrupted. x2
You block the white very ugly thing's attack.
The hell knight closely misses you.
The titan waves its arms in wide circles.
The air twists around and strikes you.
The titan points at you and mumbles some strange words.
The bolt of lightning hits you!!!
* * * LOW HITPOINT WARNING * * *
The deep elf annihilator points at you and mumbles some strange words.
The bolt of lightning misses you. You block the sea snake's attack.
You fly upwards.
There is a stone staircase leading down here.
Unknown command.
You feel better. The white very ugly thing claws you.
* * * LOW HITPOINT WARNING * * *
The white very ugly thing freezes you!! You resist.
* * * LOW HITPOINT WARNING * * *
You block the titan's attack. You block the sea snake's attack.
The titan hits you!!
* * * LOW HITPOINT WARNING * * *
You blink.
The titan gestures at you while chanting.
The bolt of lightning hits you!
You die...

.................................
....................#########....
.............######## #...# #††..
.............#......###...###....
.............#..CSu.#.......#....
.............#...[C[#.......#....
.............#.....['.......#....
###..........#.....)###...###....
..#..........'..@...# #...# #....
..#..........##########'#+###....
..#..............................
..#..............................
..'..............................
..#...^..........................
#######..........................
....# #....##'#################..
....###....#.^..#.......)[....#..


You could see 2 titans, a white very ugly thing and a sea snake shaped shifter.

Vanquished Creatures
  2 dread liches (Vaults:5)
  Mara (Snake:3)
  Saint Roka (Depths:1)
  Bai Suzhen (Snake:3)
  Vashnia (Snake:4)
  A tentacled monstrosity (Vaults:4)
  Zenata (Vaults:4)
  2 deep elf blademasters (Elf:3)
  4 liches
  2 deep elf master archers (Elf:3)
  4 quicksilver dragons
  5 sphinxes
  A storm dragon (Depths:4)
  7 shadow dragons
  2 draconian monks (Depths:4)
  10 tengu reavers
  8 fire giants
  3 nagarajas
  5 deep elf sorcerers (Elf:3)
  Ilsuiw (Shoals:2)
  6 frost giants
  3 iron dragons
  Aizul (Snake:2)
  4 juggernaut zombies (Depths:4)
  13 vault wardens
  2 orc warlords
  8 deep elf elementalists
  A draconian stormcaller (Depths:4)
  A caustic shrike zombie (Depths:4)
  22 ironbound preservers
  A green draconian (Depths:4)
  5 ironbound thunderhulks
  A ghoul (Vaults:2)
  Nessos (D:13)
  2 war gargoyles
  17 very ugly things
  8 deep elf demonologists
  2 black draconians (Depths:4)
  2 eleionomae (Shoals:4)
  9 stone giants
  3 vampire knights
  A yellow draconian (Depths:4)
  6 spark wasps
  A purple draconian (Depths:4)
  A bunyip (shapeshifter) (Vaults:5)
  5 deep elf annihilators
  12 dire elephants
  3 entropy weavers
  A red draconian (Depths:4)
  Snorg (Lair:3)
  8 deep elf death magi
  7 ettins
  2 crystal guardians (Vaults:4)
  6 merfolk javelineers
  7 fire dragons
  A quicksilver dragon zombie (Depths:4)
  5 deep elf high priests
  8 great orbs of eyes
  7 merfolk impalers
  3 rakshasas
  2 boulder beetles
  A spriggan zombie (Depths:4)
  10 ice dragons
  19 yaktaur captains
  11 hydras
  A merfolk avatar (Shoals:2)
  5 spriggan air magi
  14 centaur warriors
  A catoblepas (D:13)
  A death knight (D:15)
  29 vault guards
  5 salamander tyrants
  7 ironbound frosthearts
  An ogre mage (Vaults:5)
  Erica (D:11)
  3 peacekeepers
  3 demonspawn (Orc:2)
  4 merfolk aquamancers (Shoals:4)
  15 naga warriors
  A satyr (shapeshifter) (Vaults:5)
  3 alligator snapping turtles (Shoals:4)
  19 anacondas
  5 two-headed ogres
  5 satyrs (Shoals:4)
  6 death yaks (Lair:5)
  10 dancing weapons
  8 deep troll shamans
  11 tengu warriors
  A spriggan berserker (Depths:1)
  6 orc high priests
  A vampire mage (Vaults:2)
  21 naga sharpshooters
  3 titan zombies (Depths:4)
  13 deep elf knights
  3 storm dragon zombies (Depths:4)
  15 shock serpents
  7 deep troll earth magi
  Nergalle (Lair:2)
  Sonja (D:13)
  4 hell knights
  2 skeletal warriors (Depths:2)
  3 salamander mystics
  9 iron trolls
  13 sea snakes
  3 glowing orange brains
  3 golden dragon zombies (Depths:4)
  A deep troll (shapeshifter) (Depths:2)
  71 deep trolls
  A sea snake (shapeshifter) (Vaults:2)
  A flayed ghost (Depths:4)
  2 phantasmal warriors
  4 tengu zombies (Depths:4)
  17 deep elf archers
  Pikel (D:4)
  9 naga ritualists
  19 ironbound convokers
  11 wizards
  10 lindwurms
  19 harpies
  24 deep elf zephyrmancers
  A wolf spider (Lair:5)
  3 shadow dragon zombies (Depths:4)
  32 deep elf pyromancers
  2 sphinx zombies (Depths:4)
  14 mana vipers
  4 necromancers
  21 salamanders
  9 orc knights
  2 fire giant zombies (Depths:2)
  22 fauns
  41 ugly things
  A frost giant zombie (Depths:2)
  An iron dragon zombie (Depths:4)
  20 manticores
  10 orc sorcerers
  A frost giant skeleton (Depths:2)
  9 cyclopes
  21 elephants
  17 vault sentinels
  Joseph (D:8)
  49 black mambas
  14 merfolk sirens
  8 guardian serpents
  A fire giant skeleton (Depths:2)
  A torpor snail (Lair:2)
  9 water nymphs
  7 cane toads
  Maurice (D:9)
  15 naga magi
  An unseen horror (shapeshifter) (D:13)
  2 orange demons
  3 kobold demonologists (D:10)
  5 rime drakes
  An efreet (D:13)
  4 freezing wraiths
  36 yaktaurs
  A hellwing (Depths:1)
  8 komodo dragons
  2 tengu conjurers
  A komodo dragon (shapeshifter) (D:13)
  An ice devil (Lair:2)
  4 harpy zombies (Shoals:1)
  3 meliai
  A polar bear (Lair:2)
  A queen bee (shapeshifter) (Vaults:4)
  2 wind drakes (shapeshifter)
  8 trolls
  25 merfolk
  5 hornets
  A polar bear (shapeshifter) (Elf:1)
  19 blink frogs
  A tarantella (shapeshifter) (Vaults:5)
  4 wind drakes
  23 dream sheep
  9 slime creatures
  13 snapping turtles
  A blink frog (shapeshifter) (D:15)
  A spriggan (shapeshifter) (Vaults:5)
  3 air elementals
  3 vampires
  2 shadows
  8 water elementals
  2 spriggans (Depths:1)
  3 basilisks
  29 yaks
  13 wyverns
  A death yak simulacrum (Lair:2)
  2 fire elementals (Elf:2)
  A ynoxinul (Orc:2)
  2 redbacks (Lair:5)
  6 wraiths
  2 basilisks (shapeshifter) (Elf:2)
  4 steam dragons
  A swamp worm (shapeshifter) (Abyss:3)
  2 neqoxecs (Orc:2)
  A chaos spawn (Orc:2)
  3 wargs
  Edmund (D:6)
  A warg (shapeshifter) (D:14)
  34 nagas
  A floating eye (shapeshifter) (Vaults:2)
  5 hell hounds (Elf:2)
  A swamp drake (Lair:5)
  29 water moccasins
  2 floating eyes
  A black bear (shapeshifter) (D:15)
  5 black bears
  33 orc warriors
  2 ice beasts (D:5)
  A sky beast (D:8)
  3 manticore zombies (Shoals:1)
  4 ogres
  A wolf (Lair:2)
  8 centaurs
  A phantom (D:6)
  9 kobold brigands
  Blork the orc (D:6)
  5 bullfrogs
  A gnoll sergeant (D:11)
  3 scorpions
  4 earth elementals
  A necrophage (D:5)
  18 wights
  10 killer bees
  6 howler monkeys
  2 electric eels (Lair:3)
  2 hounds
  4 jellies
  23 orc priests
  9 iguanas
  26 orc wizards
  8 hell rats (Lair:4)
  A spriggan simulacrum (Lair:2)
  A wolf simulacrum (Lair:2)
  11 adders
  6 gnolls
  2 naga simulacra (Lair:2)
  11 river rats (Lair:4)
  3 shadow imps
  14 white imps
  2 worms
  3 dart slugs
  88 orcs
  9 ball pythons
  4 bats
  13 endoplasms
  3 giant cockroaches
  14 goblins
  11 hobgoblins
  2 jackals (D:8)
  27 kobolds
  3 quokkas
  A quokka (shapeshifter) (Vaults:2)
  3 frilled lizards
  3 rats
  A plant (Lair:5)
1871 creatures vanquished.

Vanquished Creatures (collateral kills)
  Rupert (D:15)
  Amaemon (Lair:2)
  2 lindwurms (Vaults:2)
  An orc knight (Orc:1)
  2 ugly things (D:15)
  A vault sentinel (Vaults:2)
  2 yaktaurs (Vaults:2)
  An orc warrior (Orc:1)
  An orc priest (Orc:1)
  An orc (Orc:1)
13 creatures vanquished.

Vanquished Creatures (others)
  A deep elf pyromancer (Elf:3)
  A deep elf zephyrmancer (Elf:3)
  A deep elf archer (Elf:3)
  A manticore (Shoals:2)
  An orc warrior (Elf:2)
  A bush (D:8)
  41 fungi
  191 plants
238 creatures vanquished.

Grand Total: 2122 creatures vanquished

Notes
Turn   | Place    | Note
-------+----------+-------------------------------------------
     0 | D:1      | rakiston the Minotaur Berserker began the quest for the
                  | Orb.
     0 | D:1      | Reached XP level 1. HP: 19/19 MP: 0/0
   288 | D:1      | Reached XP level 2. HP: 27/27 MP: 1/1
  1161 | D:2      | Reached XP level 3. HP: 31/34 MP: 2/2
  1652 | D:2      | Found a faded altar of an unknown god.
  1881 | D:2      | Found a shadowy altar of Dithmenos.
  2073 | D:3      | Reached skill level 5 in Axes
  2073 | D:3      | Reached XP level 4. HP: 41/41 MP: 3/3
  2073 | D:3      | Reached ** piety under Trog
  2074 | D:3      | Reached skill level 5 in Fighting
  2738 | D:3      | Reached XP level 5. HP: 48/48 MP: 4/4
  2887 | D:4      | Noticed Pikel
  2887 | D:4      | Noticed a lemure
  2887 | D:4      | Noticed a lemure
  2887 | D:4      | Noticed a lemure
  2887 | D:4      | Noticed a lemure
  3317 | D:4      | Reached XP level 6. HP: 56/56 MP: 5/5
  3373 | D:4      | Killed Pikel
  3374 | D:4      | Reached XP level 7. HP: 64/64 MP: 6/6
  3574 | D:4      | Found an ancient bone altar of Kikubaaqudgha.
  3574 | D:4      | Found an opulent altar of Gozag.
  3969 | D:5      | Entered Level 5 of the Dungeon
  4019 | D:5      | Reached skill level 10 in Axes
  4019 | D:5      | Reached XP level 8. HP: 66/71 MP: 7/7
  4236 | D:5      | Found a broken altar of Ashenzari.
  4390 | D:5      | Found a stormy altar of Qazlal.
  4494 | D:5      | Found Kompeit's Antique Weapon Emporium.
  5324 | D:6      | Noticed Blork the orc
  5337 | D:6      | Killed Blork the orc
  5458 | D:6      | Noticed Edmund
  5470 | D:6      | Killed Edmund
  5573 | D:5      | Found a sacrificial altar of Ru.
  5573 | D:5      | Found a glowing silver altar of Zin.
  5731 | D:6      | Reached XP level 9. HP: 73/81 MP: 8/8
  5993 | D:7      | Found a staircase to the Ecumenical Temple.
  6059 | D:7      | Found a flagged portal.
  6075 | D:7      | Reached *** piety under Trog
  6108 | Bailey   | Entered a bailey
  6367 | Bailey   | Found an iron altar of Okawaru.
  6625 | Bailey   | Identified the ring of Voffoin {Fly rElec EV+4 Dex-4
                  | Stlth+}
  6738 | D:7      | Found a snail-covered altar of Cheibriados.
  6814 | D:7      | Noticed a +0 hand axe
  6814 | D:7      | Noticed a +0 dagger
  6822 | D:7      | Found a hide-covered altar of Uskayaw.
  6934 | D:7      | Found Jurount's Book Shop.
  7168 | D:7      | Found Apritig's General Store.
  7200 | D:7      | Found Dyit's Book Shoppe.
  7396 | D:8      | Reached XP level 10. HP: 93/93 MP: 9/9
  7398 | D:8      | Reached skill level 10 in Fighting
  7596 | D:8      | Found a staircase to the Lair.
  7620 | D:8      | Reached skill level 15 in Axes
  7686 | D:8      | Noticed Joseph
  7695 | D:8      | Killed Joseph
  8076 | D:8      | Identified the +0 ring mail of the Fresh God {Rampage}
  8311 | D:8      | Reached **** piety under Trog
  9092 | D:8      | Noticed an oklob plant
  9507 | D:9      | Noticed Maurice
  9513 | D:9      | Killed Maurice
  9940 | D:9      | Noticed a two-headed ogre
  9951 | D:9      | Killed a two-headed ogre
  9952 | D:9      | Reached skill level 5 in Armour
  9952 | D:9      | Reached XP level 11. HP: 104/104 MP: 10/10
 10295 | D:9      | Found a staircase to the Orcish Mines.
 10323 | D:9      | Noticed a two-headed ogre
 10333 | D:9      | Killed a two-headed ogre
 10340 | D:9      | Identified the +8 hand axe "Muqian" {antimagic, +Blink rC-
                  | Str+4}
 10691 | Lair:1   | Entered Level 1 of the Lair of Beasts
 10710 | Lair:1   | Found a frozen archway.
 10738 | Lair:1   | Found a transporter.
 10743 | Lair:1   | Noticed leetdood's ghost (journeyman MiFi)
 10781 | Lair:1   | Found a transporter.
 10882 | Lair:1   | Noticed a seven-headed hydra
 10892 | Lair:1   | Killed a two-headed hydra
 11448 | Lair:1   | Reached ***** piety under Trog
 11671 | Lair:1   | Noticed a deep troll
 11679 | Lair:1   | Killed a deep troll
 11817 | Lair:2   | You fall into a shaft and drop 1 floor!
 11946 | Lair:3   | Noticed an eight-headed hydra
 11949 | Lair:3   | Found a blossoming altar of Fedhas.
 11960 | Lair:3   | Killed a two-headed hydra
 12135 | Lair:3   | Reached XP level 12. HP: 118/118 MP: 3/11
 12139 | Lair:3   | Reached skill level 10 in Armour
 12377 | Lair:3   | Reached skill level 15 in Fighting
 12423 | Lair:3   | Noticed Snorg
 12436 | Lair:3   | Killed Snorg
 12437 | Lair:3   | Reached skill level 1 in Shields
 12596 | Lair:2   | Noticed an ice dragon
 12892 | Lair:2   | Noticed Nergalle
 12905 | Lair:2   | Killed Nergalle
 13169 | Lair:2   | Noticed Amaemon
 13184 | Lair:2   | Killed Amaemon
 13385 | Lair:2   | Found a staircase to the Snake Pit.
 13781 | Lair:2   | Killed an ice dragon
 14098 | Lair:2   | Reached XP level 13. HP: 127/134 MP: 4/12
 15022 | Lair:3   | Found a staircase to the Shoals.
 15357 | Lair:4   | Found a viscous altar of Jiyva.
 15358 | Lair:4   | Found a staircase to the Slime Pits.
 15414 | Lair:4   | Reached skill level 5 in Shields
 15847 | Lair:4   | Reached skill level 1 in Evocations
 16341 | Lair:5   | Entered Level 5 of the Lair of Beasts
 17202 | Lair:5   | Reached XP level 14. HP: 124/149 MP: 4/13
 17926 | Lair:5   | Identified the +9 battleaxe "Okleoj" {flame, rN+ Dex+5}
                  | (Trog gifted it to you on level 5 of the Lair of Beasts)
 17926 | Lair:5   | Received a gift from Trog
 18394 | Lair:5   | Reached skill level 5 in Evocations
 18974 | Orc:1    | Entered Level 1 of the Orcish Mines
 19296 | Orc:2    | Entered Level 2 of the Orcish Mines
 19376 | Orc:2    | Paralysed by an orc sorcerer for 2 turns
 19525 | Orc:2    | Found a staircase to the Elven Halls.
 20282 | Orc:1    | Received a gift from Trog
 20434 | Orc:2    | Found Olownotew's General Store.
 20435 | Orc:2    | Found Teruz's Distillery.
 20457 | Orc:2    | Gained mutation: Your spells are a little easier to cast,
                  | but a little less powerful. [a neqoxec]
 20500 | Orc:2    | Bought a potion of resistance for 160 gold pieces
 20500 | Orc:2    | Bought a potion of haste for 160 gold pieces
 20502 | Orc:2    | Bought a potion of berserk rage for 75 gold pieces
 20502 | Orc:2    | Bought a potion of curing for 45 gold pieces
 20502 | Orc:2    | Bought a potion of curing for 45 gold pieces
 20502 | Orc:2    | Bought a potion of might for 60 gold pieces
 20502 | Orc:2    | Bought a potion of curing for 45 gold pieces
 20502 | Orc:2    | Bought a potion of haste for 150 gold pieces
 20689 | Orc:2    | Gained mutation: You are partially covered in iridescent
                  | scales. (AC +2) [a neqoxec]
 21181 | Orc:2    | Found Contuurr's Jewellery Emporium.
 21181 | Orc:2    | Found Mixutobb's Antique Armour Shoppe.
 21181 | Orc:2    | Found a one-way gate leading to the halls of Pandemonium.
 21186 | Orc:2    | Bought a steaming cloak for 285 gold pieces
 21186 | Orc:2    | Identified the +0 cloak of Surprise {rC+ Regen+} (You
                  | bought it in a shop on level 2 of the Orcish Mines)
 21343 | Orc:2    | Bought the ring "Zuoboak" {Fly rF+ rN+ Will+} for 578 gold
                  | pieces
 21507 | D:10     | Entered Level 10 of the Dungeon
 21751 | D:10     | Reached XP level 15. HP: 163/163 MP: 4/14
 22387 | D:10     | Found Wakkim's Assorted Antiques.
 22390 | D:10     | Bought a scroll of teleportation for 111 gold pieces
 22558 | D:10     | Received a gift from Trog
 23588 | D:11     | Noticed Erica
 23597 | D:11     | Killed Erica
 24823 | D:13     | Noticed Nessos
 24828 | D:13     | Killed Nessos
 25002 | D:13     | Noticed Sonja
 25009 | D:13     | Killed Sonja
 26640 | D:14     | Found Agadudgho's General Store.
 26643 | D:14     | Bought a potion of curing for 33 gold pieces
 26643 | D:14     | Bought a potion of resistance for 110 gold pieces
 26643 | D:14     | Bought a scroll of teleportation for 33 gold pieces
 26722 | D:14     | Found a gate to the Vaults.
 27200 | D:15     | Entered Level 15 of the Dungeon
 27616 | D:15     | Noticed Rupert
 27622 | D:15     | Killed Rupert
 27671 | D:15     | Found a staircase to the Depths.
 27675 | D:15     | Reached skill level 10 in Shields
 28139 | D:15     | Noticed Roxanne
 28783 | Snake:1  | Entered Level 1 of the Snake Pit
 28992 | Lair:2   | Reached XP level 16. HP: 158/177 MP: 5/15
 29103 | Shoals:1 | Entered Level 1 of the Shoals
 29313 | Shoals:1 | Received a gift from Trog
 30681 | Shoals:2 | Noticed Ilsuiw
 30735 | Shoals:2 | Killed Ilsuiw
 31152 | Shoals:3 | Found Cereddeteu's General Store.
 31402 | Shoals:3 | Identified the +10 long sword of Taxation {flame, rPois}
 31738 | Shoals:4 | Entered Level 4 of the Shoals
 31987 | Shoals:4 | Received a gift from Trog
 32359 | Shoals:4 | Identified the +12 flail "Douxkom" {pain, rPois}
 32437 | Shoals:4 | Reached XP level 17. HP: 34/188 MP: 5/16
 32439 | Shoals:4 | HP: 8/188 [merfolk javelineer/javelin (12)]
 32553 | Shoals:4 | Got a barnacled rune of Zot
 32583 | Shoals:4 | Reached skill level 15 in Armour
 32853 | Shoals:4 | Identified the +0 pair of gloves of the Known World {Str+2}
 33179 | Shoals:4 | Identified the +5 flail "Qahoab" {venom, Int+5}
 33242 | Shoals:4 | Received a gift from Trog
 33574 | Shoals:3 | Bought a scroll of fear for 48 gold pieces
 33574 | Shoals:3 | Bought a wand of roots (4) for 115 gold pieces
 34335 | Snake:1  | Found a gateway to a bazaar.
 34354 | Bazaar   | Entered a bazaar
 34354 | Bazaar   | Found Goqimo's Antique Armour Shop.
 34354 | Bazaar   | Found Binevaol's Armour Boutique.
 34354 | Bazaar   | Found Kedafauneo's Assorted Antiques.
 34354 | Bazaar   | Found Lulasu's Jewellery Boutique.
 34354 | Bazaar   | Found Xiafalus's Assorted Antiques.
 34364 | Bazaar   | Bought a potion of heal wounds for 85 gold pieces
 34378 | Bazaar   | Bought the ring "Fiemeev" {Will+ Int+3 Slay+2 SInv} for 509
                  | gold pieces
 34947 | Snake:2  | Reached skill level 27 in Fighting
 35395 | Snake:2  | Found Toiw Tal's Armour Shop.
 35689 | Snake:2  | Reached ****** piety under Trog
 35872 | Snake:2  | Found Fugu's Weapon Boutique.
 36490 | Snake:2  | Received a gift from Trog
 36724 | Snake:2  | Reached XP level 18. HP: 200/200 MP: 5/17
 37032 | Snake:3  | Noticed Bai Suzhen
 37344 | Snake:3  | Noticed Aizul
 37514 | Snake:3  | Reached skill level 15 in Shields
 37534 | Snake:3  | Noticed Mara
 37728 | Snake:3  | Killed Bai Suzhen
 37729 | Snake:3  | Noticed rakiston's illusion
 37746 | Snake:2  | Killed Aizul
 38223 | Snake:3  | Identified the +6 falchion of the Shallot {antimagic, rPois
                  | Will- Str+4}
 38265 | Snake:3  | Noticed rakiston's illusion
 38323 | Snake:3  | Killed Mara
 38499 | Snake:3  | Reached skill level 1 in Ranged Weapons
 38905 | Snake:3  | Identified the +6 rapier of Geoxae {spect, *Rage rF+ Will+
                  | Dex+4}
 39106 | Snake:3  | Found Ydichus's Book Emporium.
 39110 | Snake:3  | Found Zikhot's Jewellery Boutique.
 39111 | Snake:3  | Found Viyxoe's Book Emporium.
 39280 | Snake:4  | Entered Level 4 of the Snake Pit
 39301 | Snake:4  | Found Pidiczoa's Armour Boutique.
 39319 | Snake:4  | Found Nuffaon's Book Boutique.
 39335 | Snake:4  | Found a shimmering altar of Xom.
 39399 | Snake:4  | Received a gift from Trog
 39501 | Snake:4  | Noticed Vashnia
 39534 | Snake:4  | Killed Vashnia
 39635 | Snake:4  | Reached skill level 5 in Ranged Weapons
 39990 | Snake:4  | Found Soomul's Book Shoppe.
 41512 | Snake:4  | Received a gift from Trog
 41753 | Snake:4  | Got a serpentine rune of Zot
 42163 | Vaults:1 | Entered Level 1 of the Vaults
 42375 | Vaults:1 | Reached XP level 19. HP: 207/207 MP: 6/18
 43367 | Vaults:1 | Found a runed translucent gate.
 43367 | Vaults:1 | Found a runed translucent gate.
 43367 | Vaults:1 | Found a runed translucent gate.
 43368 | Vaults:1 | Noticed Wueresid's ghost (adept DEHW)
 43457 | Vaults:1 | Received a gift from Trog
 44512 | Vaults:2 | Reached skill level 10 in Ranged Weapons
 44657 | Vaults:2 | Reached skill level 5 in Dodging
 45077 | Abyss:3  | Cast into level 3 of the Abyss (a wizard)
 45118 | Vaults:2 | Escaped the Abyss
 45181 | Vaults:2 | Identified the +4 arbalest of Compound Interest {elec, rN+
                  | Str+4}
 45210 | Vaults:2 | Received a gift from Trog
 45603 | Vaults:2 | Found a staircase to the Crypt.
 46102 | Vaults:2 | Paralysed by a vampire knight for 4 turns
 46430 | Vaults:2 | Received a gift from Trog
 46655 | Vaults:2 | Reached XP level 20. HP: 150/204 MP: 19/19
 46970 | Vaults:3 | Found Izuomeas's Armour Boutique.
 47456 | Vaults:3 | Reached skill level 10 in Dodging
 48372 | Vaults:3 | Received a gift from Trog
 49435 | Vaults:4 | Noticed Zenata
 49448 | Vaults:4 | Killed Zenata
 50182 | Vaults:4 | Received a gift from Trog
 51076 | Vaults:4 | Reached skill level 15 in Dodging
 51234 | Vaults:4 | Paralysed by a great orb of eyes for 5 turns
 51885 | Vaults:4 | Reached XP level 21. HP: 178/214 MP: 6/20
 52365 | Depths:1 | Entered Level 1 of the Depths
 52456 | Depths:1 | Received a gift from Trog
 52732 | Depths:1 | Noticed Saint Roka
 52774 | Depths:1 | Killed Saint Roka
 52775 | Depths:1 | Reached skill level 1 in Throwing
 53124 | Depths:1 | Found a gateway to Hell.
 53395 | Depths:1 | Found Aren's Antique Weapon Shop.
 53833 | Depths:1 | Reached skill level 5 in Throwing
 54797 | Depths:2 | Received a gift from Trog
 55322 | Depths:2 | Found Xakhlo's Armour Shop.
 55327 | Depths:2 | Bought the -2 hat of the Alchemist {rElec rPois rF+ rC+ rN+
                  | Will+ rMut rCorr} for 566 gold pieces
 55327 | Depths:2 | Found the -2 hat of the Alchemist {rElec rPois rF+ rC+ rN+
                  | Will+ rMut rCorr}
 55457 | Depths:2 | Paralysed by a floating eye for 2 turns
 55614 | Depths:2 | Found a one-way gateway to a ziggurat.
 56762 | Depths:3 | Reached skill level 10 in Throwing
 57044 | Depths:3 | Noticed Jory
 57805 | Depths:4 | Entered Level 4 of the Depths
 58084 | Depths:4 | Found a one-way gate to the infinite horrors of the Abyss.
 58653 | Depths:4 | Found a gate to the Realm of Zot.
 58668 | Depths:4 | Received a gift from Trog
 58939 | Depths:4 | Reached XP level 22. HP: 215/233 MP: 7/21
 59331 | Depths:4 | Found a basalt altar of Yredelemnul.
 59779 | Depths:4 | Found a shimmering blue altar of Sif Muna.
 60613 | Elf:1    | Entered Level 1 of the Elven Halls
 60785 | Elf:1    | Received a gift from Trog
 60870 | Elf:1    | Identified a scroll of acquirement
 60874 | Elf:1    | Acquired a manual of Armour
 61184 | Elf:1    | Paralysed by an air elemental for 1 turns
 61274 | Elf:1    | Identified the +2 quarterstaff "Wedue" {freeze, Will+ Str+3
                  | Int-2 Dex+3}
 61430 | Elf:1    | Found Luemauc's Jewellery Emporium.
 61430 | Elf:1    | Found Gaveq's Armour Shoppe.
 61818 | Elf:2    | Paralysed by an air elemental for 1 turns
 61848 | Elf:2    | Received a gift from Trog
 62026 | Elf:2    | Found Pargh's Antique Weapon Shoppe.
 62447 | Elf:2    | Received a gift from Trog
 62654 | Elf:2    | Found a runed translucent gate.
 62655 | Elf:2    | Found a runed translucent gate.
 62655 | Elf:2    | Found a runed translucent gate.
 62785 | Elf:3    | Entered Level 3 of the Elven Halls
 62881 | Elf:3    | Paralysed by an air elemental for 1 turns
 63330 | Elf:3    | Received a gift from Trog
 63570 | Elf:3    | Reached XP level 23. HP: 106/240 MP: 7/22
 63951 | Elf:3    | Identified the +1 barding of a Hundred Shrikes {*Slow
                  | +Blink Will+}
 63963 | Elf:3    | Identified the ring of the Growing Gods {Ice rCorr}
 63969 | Elf:3    | Identified the amulet of Rali {Acrobat Int+3}
 64034 | Elf:3    | Identified the +6 hand axe of Growth {freeze, *Noise rElec
                  | rC+ rCorr}
 64036 | Elf:3    | Identified the +9 sling of Veiss {flame, Int+5}
 64081 | Elf:3    | Found the +10 dark maul {vorpal}
 64113 | Elf:3    | Identified the +0 helmet of Ashenzari's Outrage {+Inv
                  | Regen+}
 64617 | Vaults:5 | Entered Level 5 of the Vaults
 64627 | Vaults:5 | Received a gift from Trog
 64644 | Vaults:5 | Reached skill level 10 in Evocations
 64870 | Vaults:5 | Received a gift from Trog
 65224 | Vaults:5 | Noticed a dread lich
 65237 | Vaults:5 | Killed a dread lich
 65238 | Vaults:5 | Reached skill level 27 in Armour
 65331 | Vaults:5 | Identified the ring of the Moon {rF+ rC++ rCorr Str-3 SInv}
 65720 | Vaults:5 | Noticed a dread lich
 65738 | Vaults:5 | Killed a dread lich
 65889 | Vaults:5 | Noticed Margery
 65905 | Vaults:5 | Received a gift from Trog
 66909 | Vaults:4 | HP: 2/235 [titan (31)]
 66910 | Vaults:4 | Killed from afar by a titan

Illustrated notes

Levels and vault maps discovered:
D:1:      dreamdust_arrival_sigmund_warning, layout_basic, supply_closet_lemuel
D:2:      layout_loops_corners, chequers_ecumenical_altar_simple_redux,
          basic_altar, minmay_pentomino_t4
D:3:      layout_basic, grunt_ministairs_12, minivault_25
D:4:      layout_loops_ring, amethyst_overflow_temple_binary, uniq_pikel
D:5:      layout_loops_ring, nicolae_qazlal_eye_of_the_storm, ashenzari_altar_1,
          nicolae_overflow_hidden_temple, serial_shops, nicolae_diamond_shop,
          corexii_corridor_pit, minmay_fractal_squares_gapless_5
D:6:      layout_loops_ring, uniq_edmund, uniq_blork_the_orc
D:7:      layout_basic, dancing_weapons_uskayaw, slow_altar_2, temple_hall,
          serial_shops, nicolae_stop_n_shop_1, shop, shop, enter_bailey_5
D:8:      layout_loops_corners, lair_entry_dummy, introduction_to_nature_2,
          uniq_joseph
D:9:      layout_long_grid, david_orc_3, minivault_5, evilmike_butchery,
          uniq_maurice
D:10:     layout_layer_cave, serial_shops, nicolae_shop_behind_doors,
          kennysheep_cross_bottleneck, minmay_evil_grid
D:11:     layout_basic, uniq_erica
D:12:     layout_loops_corners
D:13:     layout_stronghold, minmay_puff, uniq_nessos, uniq_sonja
D:14:     layout_rooms, david_vaults_2, serial_rivers,
          chequers_serial_rivers_micro_a, chequers_serial_rivers_small_b,
          chequers_serial_rivers_room_b, chequers_serial_rivers_small_3,
          chequers_serial_rivers_room_a, chequers_serial_rivers_large_a,
          chequers_serial_rivers_small_3, serial_shops, kennysheep_mini
D:15:     gammafunk_enter_depths_forms, layout_irregular_city,
          dk_noncrumbling_4, uniq_rupert, uniq_roxanne
Lair:1:   dreamdust_cave_troll, layout_chaotic_city, portal_ice_cave_entry_imps,
          gammafunk_ghost_berserking_beasts
Lair:2:   dreamdust_isle_of_ice, layout_regular_city,
          minmay_snake_entry_six_corridors, uniq_amaemon, uniq_nergalle
Lair:3:   layout_gridlike, elwin_shoals_entry_rooms, basic_altar,
          wad_woods_road_01, uniq_snorg
Lair:4:   layout_regular_city, nicolae_slime_entry_slimehenge,
          kennysheep_rathole
Lair:5:   hangedman_lair_tendril_chambers, layout_misc_corridors,
          guppyfry_lair_end_dragon, infiniplex_staircase_pool_2
Shoals:1: layout_shoals, nicolae_shoals_undead_eyrie
Shoals:2: layout_shoals, nicolae_shoals_loop_pool, uniq_ilsuiw
Shoals:3: layout_shoals, nicolae_take_the_stairs
Shoals:4: shoals_end_simple, layout_shoals, nicolae_shoals_enchanted_isle
Snake:1:  layout_rooms, serial_shops, statue_bzr, drop_trap,
          nicolae_snake_springs
Snake:2:  kennysheep_snake, layout_concentric_octagons, serial_shops,
          nicolae_shop_temple_entry_statues_fountains,
          nicolae_shop_bloodbath_and_beyond
Snake:3:  layout_basic, minmay_shop_grove, grunt_megastairs_5, uniq_aizul,
          uniq_bai_suzhen, uniq_mara
Snake:4:  snake_pit_salamanders_mu, layout_cave_town, basic_altar, serial_shops,
          shop_fountains, nicolae_wooded_promenade, st_stairs_8,
          serial_bayou_shore_b, uniq_vashnia
Orc:1:    layout_diamond_mine
Orc:2:    pf_orc_diabolical, layout_caves, hellmonk_bongcloud_opening
Elf:1:    minmay_elf_arrival_summoners, layout_geoelf_octagon,
          kennysheep_underground_church, minmay_shoptagon,
          roderic_lattice_octagonal_star
Elf:2:    nicolae_elf_blades_splatter_lattice
          [nicolae_blade_entry_diamond_columns], layout_loops_cross,
          serial_shops, nicolae_shop_hallway_stairs, special_room
          [special_room_mythical_zoo], grunt_ministairs_7,
          nicolae_elf_elemental_lessons, uniq_louise
Elf:3:    elf_hall, layout_loops_cross
Vaults:1: gammafunk_ghost_spectres, v_misc_27, vaults_room_grunt_arrival_ludios,
          vaults_standard_mumra_enter_the_diamond,
          nicolae_vaults_little_squares_1, hangedman_vaults_locks,
          ontoclasm_vaults_gateway, vaults_mumra_chevron_long,
          ontoclasm_vaults_claustrophobia, v_misc_5,
          ontoclasm_vaults_ring_square, ontoclasm_vaults_fault, v_misc_25,
          v_pattern_5, nicolae_vaults_shelves_hall, vaults_room_pool,
          layout_vaults_omnicross
Vaults:2: nicolae_vaults_big_angled_halls, minmay_crypt_entry_simple_round,
          dpeg_vaults_pockets_of_resistance, hangedman_vaults_stream,
          ontoclasm_vaults_ring_small, nicolae_vaults_ring_of_whatevers,
          vaults_room_large_hall, nicolae_vaults_yaktaur_gun_rack,
          ontoclasm_vaults_loading_screen, vaults_standard_mumra_x,
          dpeg_vaults_monster_row, v_misc_5, layout_vaults_omnibox
Vaults:3: nicolae_vaults_mini_display_case, nicolae_vaults_network_s,
          vaults_room_door_hall, v_misc_9, grunt_vaults_funnel,
          nicolae_vaults_asterisk, vaults_dpeg_diagonal,
          hangedman_vaults_corner, nicolae_vaults_theta,
          ontoclasm_vaults_bender, vaults_room_grid,
          nicolae_vaults_little_squares_3, vaults_dpeg_ring,
          layout_vaults_omnigrid, serial_shops, shop_fountains
Vaults:4: nicolae_vaults_specimen_jars, v_rooms_6, nicolae_vaults_theta,
          nicolae_vaults_network_square, vaults_room_corners,
          vaults_room_corners, vaults_mumra_hex, vaults_mumra_hexcomb,
          v_misc_22, nicolae_vaults_little_squares_2,
          layout_vaults_chaotic_city, uniq_zenata
Vaults:5: serial_shops, uniq_margery
Depths:1: layout_basic, hell_entry, grunt_pan_entry_spiral,
          nicolae_inconvenience_store, kennysheep_inner_square, firewood_loft,
          uniq_saint_roka
Depths:2: cheibrodos_tormentor_scu, layout_gridlike, enter_ziggurat_f,
          hell_entry, serial_shops, shop_fountains, pan_entry,
          minmay_misc_feat_square, mu_enter_wizlab_4, grunt_megastairs_2
Depths:3: kennysheep_ambush_hall, layout_long_grid, minmay_strange_pillars,
          minmay_room_of_horrors, hell_entry, kennysheep_generic_room_7,
          serial_bayou_shore_a, uniq_xtahua, uniq_jory
Depths:4: grunt_zot_entry_funnels, layout_honeycomb, pf_coc_iceberg,
          lemuel_doored_altar, abyss_entry_glasseish,
          nicolae_yredelemnul_corpse_copse

Skill      XL: |  1  2  3  4  5  6  7  8  9 10 11 12 13 14 15 16 17 18 19 20 21 22 23 |
---------------+----------------------------------------------------------------------+-----
Fighting       | 4 5 6 8 9 12 14 18 20 23 24 26 27 | 27.0
Axes           | 4 5 6 9 10 12 14 16 17 | 17.4
Armour         | 5 9 10 11 14 15 18 19 25 27 | 27.0
Shields        | 4 5 10 14 16 | 16.0
Evocations     | 4 5 7 9 12 | 12.5
Ranged Weapons | 8 12 13 | 13.9
Dodging        | 9 15 16 | 16.0
Throwing       | 10 | 10.0
Stealth        | |  0.4

Action                   |  1- 3 |  4- 6 |  7- 9 | 10-12 | 13-15 | 16-18 | 19-21 | 22-24 || total
-------------------------+-------+-------+-------+-------+-------+-------+-------+-------++-------
Melee: Hand axe          |    77 |    90 |   118 |   353 |  1131 |  1852 |  2100 |  1161 ||  6882
       Headbutt          |    10 |    14 |    42 |   125 |   291 |   493 |   780 |   453 ||  2208
       Punch             |       |     1 |     3 |     6 |    10 |       |       |       ||    20
       War axe           |       |       |   101 |   176 |       |       |       |       ||   277
       Broad axe         |       |       |       |       |     2 |       |   113 |    83 ||   198
Throw: Boomerang         |       |       |    17 |       |     8 |    25 |    17 |    15 ||    82
Invok: Berserk           |     1 |     2 |     8 |    13 |    14 |     7 |    14 |     6 ||    65
       Trog's Hand       |       |       |       |     6 |     6 |     5 |     4 |     5 ||    26
       Brothers in Arms  |       |       |       |     2 |     3 |       |     1 |       ||     6
 Abil: Evoke Blink       |       |       |       |       |       |     6 |     2 |     2 ||    10
Evoke: Wand              |       |       |       |     1 |     1 |    21 |     2 |     7 ||    32
       Condenser vane    |       |       |       |       |       |     1 |       |     2 ||     3
  Use: Scroll            |       |     6 |     4 |     9 |    10 |     4 |    15 |    12 ||    60
       Potion            |       |       |     4 |     2 |     9 |    19 |    11 |    12 ||    57
 Stab: Petrified         |       |       |       |       |     1 |       |       |       ||     1
       Distracted        |       |       |       |       |       |       |     1 |       ||     1
       Invisible         |       |       |       |       |       |       |       |     1 ||     1
Armor: Chain mail        |    39 |    35 |    54 |       |       |   417 |   433 |       ||   978
       Plate armour      |       |       |    11 |   238 |   541 |   204 |   326 |   532 ||  1852
Dodge: Dodged            |    23 |    22 |    65 |   121 |   289 |   344 |   574 |   404 ||  1842
Block: Other             |       |       |    25 |    84 |   136 |       |       |       ||   245
       Reflection        |       |       |     5 |     5 |    33 |   181 |    78 |    77 ||   379
       Kite shield       |       |       |       |       |   174 |   897 |       |       ||  1071
       Tower shield      |       |       |       |       |       |   526 |  2133 |  1332 ||  3991
